 Dungeon Crawl Stone Soup version 0.22.1-6-g1668fe2 (webtiles) character file.

39 adibis the Sneak (level 3, 0/37 HPs)
             Began as an Octopode Assassin on Jan 22, 2019.
             Succumbed to an adder's poison
             ... on level 2 of the Dungeon.
             The game lasted 00:03:35 (1610 turns).

adibis the Sneak (Octopode Assassin)                Turns: 1610, Time: 00:03:36

Health: 0/37       AC: 21    Str: 16    XL:     3   Next: 45%
Magic:  3/3        EV:  2    Int: 13    God:
Gold:   52         SH:  0    Dex: 13    Spells: 2/2 levels left

rFire    . . .     SeeInvis .   b - +1 blowgun {@w1}
rCold    . . .     Gourm    .   (no shield)
rNeg     + + +     Faith    .   (helmet currently unavailable)
rPois    +         Spirit   .   (no amulet)
rElec    .         Reflect  .   (no ring)
rCorr    .         Harm     .   (no ring)
MR       .....     NoTele   +   (no ring)
Stlth    +++.......             (no ring)
HPRegen  0.12/turn              (no ring)
MPRegen  0.08/turn              (no ring)
                                (no ring)
                                (no ring)

@: mighty, lethally poisoned (0 -> -2), tree-form
A: almost no armour, stealthy swim, (amphibious), 8 rings, (constrict 8)
a: no special abilities


You were on level 2 of the Dungeon.
You were not hungry.
You were a tree.
You visited 1 branch of the dungeon, and saw 2 of its levels.

You collected 52 gold pieces.


Innate Abilities, Weirdness & Mutations

You cannot wear most types of armour.
You are very stealthy in the water. (Stealth+)
((You are amphibious.))
You can wear up to eight rings at the same time.
((You can use your tentacles to constrict eight enemies at once.))
((Your skin changes colour to match your surroundings (Stealth+).))
((Your rubbery body absorbs attacks. (AC +1, EV +1)))


   Skills:
 + Level 2.3 Fighting
 + Level 2.4 Short Blades
 + Level 2.4 Throwing
 + Level 1.6 Dodging
 + Level 5.7 Stealth


You had 2 spell levels left.
You didn't know any spells.
Your spell library was empty.

Inventory:

Hand Weapons
 a - a +2 dagger
 b - a +1 blowgun (weapon) {@w1}
 m - a cursed -1 short sword
 r - a +0 short sword of draining
Missiles
 c - 3 poisoned needles (quivered)
 d - 2 curare-tipped needles {=f}
 e - 41 sling bullets
 l - 28 stones
 p - a throwing net {=f}
Armour
 q - a +0 large shield
Scrolls
 i - 2 scrolls of enchant weapon
 j - 3 scrolls of teleportation {@r4}
 k - 2 scrolls of identify {@r1}
Comestibles
 f - 4 rations {@e1}
 o - 4 chunks of flesh

Dungeon Overview and Level Annotations

Branches:
Dungeon (2/15)

Altars:

Annotations:
D:2 exclusion: adder

..†....#.#
####..#.#.#.#.
..#.#....# .....(......S
#.....##.# #..#.#.#...
......#..# #.....K(s#
.)..#....# #. #(.#..####
.........# #.###..##.#
...####.## #.##..)# .#
.## #.# #.##.#.# # .
#.## #.##♣#.# .
#..####.##.#.##.#
###...##..........#
##.....................
....#.#.#.#.#####.######
..##.........# .# .
...#.#.#.#.# .#
##.........÷# .#
#..#.#.#.#.#####.#


There were no monsters in sight!


Message History

* * * LOW HITPOINT WARNING * * *
You feel sick.
* * * LOW HITPOINT WARNING * * *
You feel sick.
* * * LOW HITPOINT WARNING * * *
You feel sick.
You kill the adder!
You see here a kobold corpse.
It was a potion of lignification.
You turn into a tree.
Your roots penetrate the ground.
It was a potion of might.
You feel very mighty all of a sudden.
* * * LOW HITPOINT WARNING * * *
You feel sick.
Unknown command.
There is a lethal amount of poison in your body!
* * * LOW HITPOINT WARNING * * *
You feel sick.
* * * LOW HITPOINT WARNING * * *
You feel sick.
* * * LOW HITPOINT WARNING * * *
You feel sick.
* * * LOW HITPOINT WARNING * * *
You feel sick.
* * * LOW HITPOINT WARNING * * *
You feel sick.
* * * LOW HITPOINT WARNING * * *
You feel sick.
Unknown command.
You die...

Action                   || total
-------------------------++-------
Melee: Whip              ||    63
       Constrict         ||    18
       Tentacles         ||    12
       Dagger            ||     9
 Fire: Blowgun           ||     5
Throw: Stone             ||    14
  Use: Scroll            ||     4
       Potion            ||     2
 Stab: Sleeping          ||    10
  Eat: Chunk             ||     2
Armor: Skin              ||    11
Dodge: Dodged            ||    56

Vault maps used:
D:1:      minmay_arrival_widening_spiral_wide
D:2:      serial_glass, glass_columns_a, glass_columns_a, glass_columns_b,
          glass_columns_a, glass_columns_a, glass_columns_c, glass_columns_b,
          glass_columns_a, glass_columns_b, glass_columns_a

Notes
Turn   | Place    | Note
-------+----------+-------------------------------------------
     0 | D:1      | adibis the Octopode Assassin began the quest for the Orb.
     0 | D:1      | Reached XP level 1. HP: 14/14 MP: 1/1
   465 | D:1      | Reached XP level 2. HP: 17/19 MP: 2/2
  1434 | D:2      | Reached XP level 3. HP: 24/24 MP: 3/3
  1598 | D:2      | HP: 3/37 [poisoned by an adder]
  1603 | D:2      | HP: 1/37 [poisoned by an adder]
  1610 | D:2      | Succumbed to an adder's poison

Vanquished Creatures
  An adder (D:2)
  A dart slug (D:1)
  A leopard gecko (D:2)
  A ball python (D:2)
  5 bats
  3 giant cockroaches
  2 goblins (D:1)
  A hobgoblin (D:1)
  5 kobolds
  A quokka (D:2)
  2 frilled lizards
  4 rats (D:1)
27 creatures vanquished.

Table legend:
 A = Turns spent in this place as a percentage of turns spent in the entire game.
 B = Non-inter-level travel turns spent in this place as a percentage of non-inter-level travel turns spent in the entire game.
 C = Inter-level travel turns spent in this place as a percentage of turns spent in this place.
 D = Turns resting spent in this place as a percentage of non-inter-level travel turns spent in this place.
 E = Turns spent auto-exploring this place as a percentage of non-inter-level travel turns spent in this place.
 F = Non-inter-level travel turns spent in this place divided by the number of levels of this place that you've seen.
                   A       B       C       D       E      F
               +-------+-------+-------+-------+-------+----------------------
         Total | 100.0 | 100.0 |   5.7 |  34.1 |  41.2 | 759.0
       Dungeon | 100.0 | 100.0 |   5.7 |  34.1 |  41.2 | 759.0
               +-------+-------+-------+-------+-------+----------------------

Table legend:
 A = Non-vault XP
 B = Vault XP
 C = Vault XP percentage of total XP
 D = Non-vault monster count
 E = Vault monster count
 F = Vault count percentage of total count
                 A         B        C        D         E       F
            +---------+---------+-------+---------+---------+-------
      Total |      56 |       0 |   0.0 |      27 |       0 |   0.0
            +---------+---------+-------+---------+---------+-------
        D:1 |      25 |       0 |   0.0 |      16 |       0 |   0.0
        D:2 |      31 |       0 |   0.0 |      11 |       0 |   0.0
            +---------+---------+-------+---------+---------+-------
